3344 views
Uploaded 2020-05-21 18:46:52
Game version 1.32.4 / 1.32.5
24:21 long 2on2 ladder game on (6)GnollWood
Saved by Redwood
3344 views
Uploaded 2020-05-21 18:46:52
Game version 1.32.4 / 1.32.5
24:21 long 2on2 ladder game on (6)GnollWood


99 units @ 12.3k
/ 1.9k
58 buildings @ 11.1k
/ 4.3k



| Rod of Necromancy | 2 | 300 |
| Potion of Mana | 1 | 200 |
| Potion of Healing | 1 | 150 |
| Orb of Corruption | 1 | 375 |
| Scroll of Town Portal | 2 | 700 |
| total: | 7 | 1725g |
| Acolyte | 13 | 975 | / | 0 |
| Ghoul | 3 | 360 | / | 0 |
| Crypt Fiend | 6 | 1290 | / | 240 |
| Obsidian Statue | 6 | 1200 | / | 210 |
| Frost Wyrm | 4 | 1540 | / | 480 |
| Meat Wagon | 3 | 690 | / | 150 |
| total: | 35 | 6055g | / | 1080w |
| Nerubian Tower | 3 | 300 | / | 60 |
| Spirit Tower | 7 | 1015 | / | 280 |
| Crypt | 1 | 200 | / | 50 |
| Graveyard | 1 | 215 | / | 0 |
| Altar of Darkness | 1 | 180 | / | 50 |
| Ziggurat | 16 | 2400 | / | 800 |
| Tomb of Relics | 3 | 390 | / | 90 |
| Necropolis | 4 | 900 | / | 0 |
| Slaughterhouse | 1 | 140 | / | 135 |
| Sacrificial Pit | 2 | 150 | / | 300 |
| Boneyard | 1 | 175 | / | 200 |
| Halls of the Dead | 1 | 320 | / | 210 |
| Black Citadel | 1 | 325 | / | 230 |
| total: | 30 | 4750g | / | 1625w |
| 0:02 | Acolyte |
| 0:04 | Crypt |
| 0:08 | Graveyard |
| 0:15 | Acolyte |
| 0:28 | Altar of Darkness |
| 0:46 | Ziggurat |
| 1:07 | Ghoul |
| 1:19 | Tomb of Relics |
| 1:38 | Crypt Fiend |
| 1:51 | Ziggurat |
| 2:12 | Crypt Fiend |
| 2:35 | Death Coil |
| 2:37 | Rod of Necromancy |
| 2:55 | Crypt Fiend |
| 3:20 | Crypt Fiend |
| 3:25 | Acolyte |
| 3:44 | Unholy Aura |
| 3:48 | Halls of the Dead |
| 4:08 | Ghoul |
| 4:10 | Nerubian Tower |
| 4:33 | Ziggurat |
| 5:02 | Necropolis |
| 5:05 | Death Coil |
| 5:31 | Ghoul |
| 5:50 | Crypt Fiend |
| 6:23 | Burrow |
| 6:39 | Ziggurat |
| 6:49 | Acolyte |
| 7:16 | Frost Nova |
| 7:37 | Slaughterhouse |
| 7:38 | Sacrificial Pit |
| 7:43 | Ziggurat |
| 7:44 | Spirit Tower |
| 7:54 | Acolyte |
| 7:55 | Acolyte |
| 7:55 | Acolyte |
| 7:55 | Acolyte |
| 8:31 | Black Citadel |
| 8:33 | Creature Attack |
| 8:36 | Nerubian Tower |
| 8:55 | Tomb of Relics |
| 8:57 | Ziggurat |
| 9:31 | Obsidian Statue |
| 9:31 | Obsidian Statue |
| 9:52 | Scroll of Town Portal |
| 9:53 | Potion of Mana |
| 9:55 | Potion of Healing |
| 9:56 | Rod of Necromancy |
| 10:19 | Spirit Tower |
| 10:23 | Creature Carapace |
| 10:25 | Spirit Tower |
| 10:50 | Crypt Fiend |
| 10:51 | Obsidian Statue |
| 11:00 | Boneyard |
| 11:26 | Destroyer Form |
| 11:58 | Improved Creature Carapace |
| 12:12 | Impale |
| 12:25 | Frost Wyrm |
| 12:27 | Obsidian Statue |
| 12:40 | Dark Ritual |
| 13:02 | Acolyte |
| 13:13 | Advanced Creature Carapace |
| 13:19 | Obsidian Statue |
| 14:09 | Obsidian Statue |
| 14:20 | Unholy Aura |
| 14:47 | Frost Wyrm |
| 14:56 | Ziggurat |
| 14:57 | Ziggurat |
| 15:00 | Scroll of Town Portal |
| 15:13 | Orb of Corruption |
| 15:35 | Acolyte |
| 15:37 | Acolyte |
| 16:40 | Necropolis |
| 16:43 | Spiked Carapace |
| 16:57 | Acolyte |
| 17:10 | Improved Creature Attack |
| 17:31 | Frost Wyrm |
| 17:32 | Frost Wyrm |
| 17:34 | Meat Wagon |
| 17:34 | Meat Wagon |
| 17:34 | Meat Wagon |
| 18:14 | Necropolis |
| 18:23 | Freezing Breath |
| 18:47 | Necropolis |
| 18:57 | Frost Nova |
| 20:07 | Ziggurat |
| 20:07 | Ziggurat |
| 20:08 | Ziggurat |
| 20:10 | Ziggurat |
| 20:23 | Ziggurat |
| 20:24 | Ziggurat |
| 20:43 | Ziggurat |
| 20:46 | Tomb of Relics |
| 20:48 | Ziggurat |
| 20:59 | Acolyte |
| 21:19 | Spirit Tower |
| 21:25 | Spirit Tower |
| 21:56 | Impale |
| 22:06 | Nerubian Tower |
| 22:08 | Spirit Tower |
| 22:11 | Sacrificial Pit |
| 22:23 | Spirit Tower |
| 22:36 | Disease Cloud |
| 22:46 | Unholy Strength |
| 23:30 | Death Coil |
| Select group | 1806 |
| Right click | 849 |
| Select | 323 |
| Misc. action | 218 |
| Build/train/purchase | 114 |
| Use ability | 59 |
| Assign group | 53 |
| Chat | 40 |
| Minimap ping | 6 |
| Esc | 5 |

| Scroll of Healing | 1 | 250 |
| Scroll of Town Portal | 1 | 350 |
| Scroll of Protection | 1 | 150 |
| total: | 3 | 750g |
| Wisp | 46 | 2760 | / | 0 |
| Archer | 6 | 780 | / | 60 |
| Dryad | 5 | 725 | / | 300 |
| Mountain Giant | 3 | 1050 | / | 300 |
| Druid of the Claw | 1 | 255 | / | 80 |
| Forest Troll Shadow Priest | 2 | 390 | / | 20 |
| Forest Troll Berserker | 1 | 245 | / | 30 |
| total: | 64 | 6205g | / | 790w |
| Moon Well | 12 | 2160 | / | 480 |
| Ancient of War | 1 | 150 | / | 60 |
| Altar of Elders | 2 | 360 | / | 100 |
| Hunter's Hall | 1 | 210 | / | 100 |
| Tree of Life | 9 | 3060 | / | 1665 |
| Ancient of Wonders | 1 | 90 | / | 30 |
| Ancient of Lore | 2 | 310 | / | 290 |
| Tree of Ages | 1 | 320 | / | 180 |
| Tree of Eternity | 2 | 660 | / | 400 |
| total: | 28 | 6340g | / | 2725w |
| 0:03 | Wisp |
| 0:03 | Wisp |
| 0:18 | Moon Well |
| 0:27 | Wisp |
| 0:27 | Wisp |
| 0:39 | Wisp |
| 0:50 | Ancient of War |
| 0:52 | Wisp |
| 0:52 | Wisp |
| 0:52 | Wisp |
| 0:52 | Wisp |
| 0:53 | Wisp |
| 1:00 | Altar of Elders |
| 1:05 | Altar of Elders |
| 1:07 | Wisp |
| 1:28 | Moon Well |
| 1:38 | Wisp |
| 1:47 | Wisp |
| 1:51 | Archer |
| 2:04 | Wisp |
| 2:14 | Moon Well |
| 2:32 | Summon Quilbeast |
| 2:39 | Forest Troll Shadow Priest |
| 2:39 | Forest Troll Shadow Priest |
| 2:45 | Wisp |
| 2:45 | Wisp |
| 3:15 | Hunter's Hall |
| 3:25 | Summon Hawk |
| 3:29 | Archer |
| 3:36 | Archer |
| 3:37 | Wisp |
| 3:37 | Wisp |
| 3:49 | Wisp |
| 3:56 | Forest Troll Berserker |
| 4:22 | Ultravision |
| 4:24 | Tree of Life |
| 4:39 | Tree of Life |
| 4:40 | Archer |
| 4:48 | Summon Quilbeast |
| 4:51 | Archer |
| 5:43 | Wisp |
| 5:43 | Wisp |
| 5:45 | Tree of Ages |
| 6:03 | Tree of Life |
| 6:16 | Archer |
| 6:34 | Moon Well |
| 7:31 | Scroll of Healing |
| 7:33 | Scroll of Protection |
| 8:18 | Improved Bows |
| 8:46 | Ancient of Lore |
| 8:47 | Ancient of Lore |
| 8:48 | Strength of the Wild |
| 8:48 | Reinforced Hides |
| 8:55 | Tree of Life |
| 8:56 | Nature's Blessing |
| 9:55 | Wisp |
| 9:55 | Wisp |
| 9:56 | Ancient of Wonders |
| 10:02 | Abolish Magic |
| 10:02 | Dryad |
| 10:13 | Dryad |
| 10:13 | Dryad |
| 10:20 | Wisp |
| 10:25 | Tree of Life |
| 10:53 | Tree of Eternity |
| 10:55 | Improved Reinforced Hides |
| 11:02 | Dryad |
| 11:34 | Moon Well |
| 11:35 | Moon Well |
| 11:38 | Moon Well |
| 11:43 | Moon Well |
| 12:33 | Mountain Giant |
| 12:33 | Mountain Giant |
| 12:50 | Moon Well |
| 13:16 | Wisp |
| 13:17 | Wisp |
| 13:17 | Wisp |
| 13:19 | Hardened Skin |
| 13:48 | Scroll of Town Portal |
| 13:58 | Well Spring |
| 14:21 | Summon Hawk |
| 14:26 | Mountain Giant |
| 14:27 | Resistant Skin |
| 15:00 | Wisp |
| 15:01 | Wisp |
| 15:17 | Tree of Life |
| 15:40 | Wisp |
| 16:34 | Druid of the Claw |
| 16:38 | Dryad |
| 17:12 | Wisp |
| 17:12 | Wisp |
| 17:15 | Tree of Life |
| 17:37 | Advanced Reinforced Hides |
| 17:55 | Wisp |
| 18:54 | Moon Well |
| 18:55 | Moon Well |
| 19:07 | Wisp |
| 19:07 | Wisp |
| 19:08 | Wisp |
| 19:08 | Wisp |
| 19:16 | Tree of Life |
| 19:50 | Wisp |
| 19:50 | Wisp |
| 19:51 | Moon Well |
| 20:34 | Wisp |
| 20:35 | Wisp |
| 20:55 | Wisp |
| 20:55 | Wisp |
| 20:56 | Wisp |
| 20:56 | Wisp |
| 20:56 | Wisp |
| 22:32 | Tree of Life |
| 23:08 | Druid of the Claw Adept Training |
| 24:01 | Summon Quilbeast |
| Right click | 1970 |
| Select group | 1835 |
| Select | 567 |
| Build/train/purchase | 241 |
| Misc. action | 226 |
| Assign group | 113 |
| Use ability | 30 |
| Esc | 22 |
| Chat | 14 |
| Resource trade | 9 |
| Minimap ping | 3 |
| Item give/drop | 2 |
| Remove unit | 1 |
95 units @ 11.9k
/ 1k
78 buildings @ 11.2k
/ 6.2k


| Healing Salve | 2 | 200 |
| Lesser Clarity Potion | 4 | 280 |
| Scroll of Speed | 1 | 50 |
| Potion of Healing | 2 | 300 |
| Potion of Mana | 3 | 600 |
| Orb of Lightning | 1 | 375 |
| Scroll of Town Portal | 1 | 350 |
| Circlet of Nobility | 1 | 175 |
| Boots of Speed | 1 | 250 |
| Staff of Teleportation | 1 | 150 |
| Potion of Lesser Invulnerability | 1 | 150 |
| total: | 18 | 2880g |
| Peon | 42 | 3150 | / | 0 |
| Grunt | 9 | 1800 | / | 0 |
| Troll Witch Doctor | 1 | 145 | / | 25 |
| Wind Rider | 9 | 2385 | / | 360 |
| total: | 61 | 7480g | / | 385w |
| Watch Tower | 43 | 4730 | / | 3440 |
| Altar of Storms | 2 | 360 | / | 100 |
| Orc Burrow | 5 | 800 | / | 200 |
| Voodoo Lounge | 3 | 390 | / | 90 |
| Barracks | 1 | 180 | / | 50 |
| War Mill | 1 | 205 | / | 0 |
| Great Hall | 4 | 1540 | / | 740 |
| Tauren Totem | 1 | 135 | / | 155 |
| Spirit Lodge | 1 | 150 | / | 150 |
| Beastiary | 3 | 435 | / | 420 |
| Stronghold | 1 | 315 | / | 190 |
| Fortress | 1 | 325 | / | 190 |
| total: | 64 | 8925g | / | 5345w |
| 0:01 | Peon |
| 0:03 | Altar of Storms |
| 0:07 | Altar of Storms |
| 0:09 | Peon |
| 0:16 | Orc Burrow |
| 0:19 | Peon |
| 0:34 | Peon |
| 0:47 | Voodoo Lounge |
| 0:50 | Peon |
| 0:54 | Peon |
| 1:17 | Barracks |
| 1:23 | Peon |
| 1:39 | Orc Burrow |
| 2:03 | Healing Salve |
| 2:03 | Lesser Clarity Potion |
| 2:05 | Scroll of Speed |
| 2:07 | Wind Walk |
| 2:22 | Grunt |
| 2:28 | Circlet of Nobility |
| 2:49 | Stronghold |
| 3:08 | Grunt |
| 3:08 | Grunt |
| 3:08 | Grunt |
| 3:08 | Grunt |
| 3:45 | Boots of Speed |
| 3:52 | Grunt |
| 3:53 | Grunt |
| 3:53 | Grunt |
| 3:53 | Grunt |
| 4:14 | War Mill |
| 4:26 | Critical Strike |
| 4:38 | Orc Burrow |
| 5:14 | Peon |
| 5:14 | Peon |
| 5:47 | Fortress |
| 5:48 | Watch Tower |
| 5:49 | Watch Tower |
| 5:51 | Reinforced Defenses |
| 6:31 | Watch Tower |
| 6:32 | Watch Tower |
| 6:35 | Wind Walk |
| 6:47 | Watch Tower |
| 6:49 | Watch Tower |
| 7:41 | Watch Tower |
| 7:42 | Watch Tower |
| 7:46 | Staff of Teleportation |
| 8:15 | Peon |
| 8:16 | Peon |
| 8:28 | Lesser Clarity Potion |
| 8:30 | Potion of Healing |
| 8:32 | Potion of Mana |
| 8:33 | Orb of Lightning |
| 8:40 | Watch Tower |
| 9:06 | Watch Tower |
| 9:28 | Peon |
| 9:28 | Peon |
| 9:31 | Watch Tower |
| 9:32 | Watch Tower |
| 9:53 | Peon |
| 9:55 | Spiked Barricades |
| 10:06 | Watch Tower |
| 10:07 | Watch Tower |
| 10:37 | Watch Tower |
| 11:01 | Watch Tower |
| 11:04 | Great Hall |
| 11:12 | Great Hall |
| 11:17 | Peon |
| 11:37 | Watch Tower |
| 11:44 | Voodoo Lounge |
| 11:57 | Peon |
| 12:00 | Watch Tower |
| 12:00 | Watch Tower |
| 12:01 | Watch Tower |
| 12:07 | Critical Strike |
| 12:21 | Watch Tower |
| 12:27 | Watch Tower |
| 12:40 | Potion of Mana |
| 12:44 | Lesser Clarity Potion |
| 12:52 | Healing Salve |
| 12:58 | Watch Tower |
| 13:20 | Peon |
| 13:20 | Peon |
| 13:23 | Watch Tower |
| 13:24 | Watch Tower |
| 13:24 | Watch Tower |
| 13:25 | Watch Tower |
| 13:58 | Tauren Totem |
| 14:00 | Spirit Lodge |
| 14:03 | Peon |
| 14:03 | Peon |
| 14:04 | Peon |
| 14:13 | Watch Tower |
| 14:14 | Watch Tower |
| 14:14 | Watch Tower |
| 14:15 | Watch Tower |
| 14:47 | Peon |
| 14:48 | Peon |
| 14:48 | Peon |
| 14:48 | Peon |
| 14:53 | Watch Tower |
| 14:55 | Watch Tower |
| 14:55 | Watch Tower |
| 14:56 | Watch Tower |
| 14:56 | Watch Tower |
| 15:02 | Peon |
| 15:17 | Watch Tower |
| 15:17 | Watch Tower |
| 15:21 | Watch Tower |
| 15:39 | Watch Tower |
| 15:46 | Peon |
| 15:46 | Peon |
| 15:46 | Peon |
| 15:50 | Peon |
| 15:50 | Peon |
| 15:50 | Peon |
| 16:13 | Potion of Lesser Invulnerability |
| 16:37 | Great Hall |
| 16:46 | Great Hall |
| 17:09 | Watch Tower |
| 17:11 | Peon |
| 17:12 | Peon |
| 17:17 | Watch Tower |
| 17:19 | Peon |
| 17:19 | Peon |
| 17:19 | Peon |
| 17:26 | Voodoo Lounge |
| 17:35 | Orc Burrow |
| 18:09 | Peon |
| 18:12 | Watch Tower |
| 18:24 | Beastiary |
| 18:43 | Beastiary |
| 18:45 | Troll Witch Doctor |
| 19:26 | Steel Ranged Weapons |
| 19:26 | Steel Armor |
| 19:30 | Orc Burrow |
| 20:19 | Envenomed Spears |
| 20:22 | Beastiary |
| 20:40 | Wind Rider |
| 20:40 | Wind Rider |
| 20:43 | Peon |
| 20:43 | Peon |
| 20:43 | Peon |
| 20:44 | Peon |
| 21:11 | Thorium Ranged Weapons |
| 21:12 | Wind Rider |
| 21:23 | Shaman Adept Training |
| 21:48 | Potion of Mana |
| 21:49 | Lesser Clarity Potion |
| 21:53 | Potion of Healing |
| 21:59 | Wind Rider |
| 21:59 | Wind Rider |
| 21:59 | Wind Rider |
| 21:59 | Wind Rider |
| 23:10 | Arcanite Ranged Weapons |
| 23:10 | Thorium Armor |
| 23:23 | Scroll of Town Portal |
| 23:33 | Healing Wave |
| 23:53 | Critical Strike |
| 24:00 | Wind Rider |
| 24:00 | Wind Rider |
| Right click | 1366 |
| Select | 544 |
| Select group | 439 |
| Build/train/purchase | 155 |
| Assign group | 94 |
| Misc. action | 43 |
| Use ability | 30 |
| Resource trade | 12 |
| Item give/drop | 10 |
| Esc | 8 |
| Chat | 3 |
| Minimap ping | 1 |


| Healing Salve | 2 | 200 |
| Scroll of Speed | 2 | 100 |
| Scroll of Town Portal | 3 | 1050 |
| Potion of Lesser Invulnerability | 2 | 300 |
| total: | 9 | 1650g |
| Peon | 7 | 525 | / | 0 |
| Troll Headhunter | 10 | 1400 | / | 200 |
| Shaman | 4 | 520 | / | 80 |
| Troll Berserker | 8 | 1120 | / | 160 |
| Demolisher | 2 | 440 | / | 100 |
| Troll Witch Doctor | 1 | 145 | / | 25 |
| Troll Batrider | 2 | 320 | / | 80 |
| total: | 34 | 4470g | / | 645w |
| Altar of Storms | 1 | 180 | / | 50 |
| Orc Burrow | 6 | 960 | / | 240 |
| War Mill | 1 | 205 | / | 0 |
| Barracks | 2 | 360 | / | 100 |
| Voodoo Lounge | 1 | 130 | / | 30 |
| Spirit Lodge | 1 | 150 | / | 150 |
| Beastiary | 2 | 290 | / | 280 |
| Stronghold | 1 | 315 | / | 190 |
| Fortress | 1 | 325 | / | 190 |
| total: | 14 | 2275g | / | 850w |
| 0:03 | Peon |
| 0:03 | Peon |
| 0:06 | Altar of Storms |
| 0:12 | Orc Burrow |
| 0:19 | Peon |
| 0:29 | Peon |
| 0:49 | War Mill |
| 1:01 | Peon |
| 1:20 | Barracks |
| 1:33 | Orc Burrow |
| 1:52 | Peon |
| 2:05 | Voodoo Lounge |
| 2:09 | War Stomp |
| 2:29 | Troll Headhunter |
| 2:51 | Troll Headhunter |
| 3:00 | Peon |
| 3:01 | Troll Headhunter |
| 3:20 | Healing Salve |
| 3:30 | Stronghold |
| 3:36 | Troll Headhunter |
| 3:57 | Troll Headhunter |
| 4:11 | Troll Headhunter |
| 4:49 | Steel Ranged Weapons |
| 4:57 | Orc Burrow |
| 5:08 | Endurance Aura |
| 5:52 | Troll Headhunter |
| 5:53 | Fortress |
| 5:56 | Spirit Lodge |
| 5:58 | Barracks |
| 7:09 | Shaman |
| 7:10 | Shaman Adept Training |
| 7:10 | Shaman Master Training |
| 7:26 | Hex |
| 7:34 | Troll Headhunter |
| 7:38 | Reinforced Defenses |
| 7:53 | Troll Headhunter |
| 8:24 | Healing Salve |
| 9:01 | Orc Burrow |
| 9:53 | Berserker Upgrade |
| 10:00 | Shaman |
| 10:30 | Troll Headhunter |
| 10:31 | Orc Burrow |
| 11:03 | Troll Berserker |
| 11:29 | Troll Berserker |
| 11:46 | Troll Regeneration |
| 12:02 | Potion of Lesser Invulnerability |
| 12:42 | Scroll of Town Portal |
| 12:44 | Shaman |
| 12:45 | Troll Berserker |
| 12:55 | Burning Oil |
| 13:04 | Scroll of Speed |
| 13:18 | Demolisher |
| 13:36 | Thorium Ranged Weapons |
| 13:39 | Witch Doctor Adept Training |
| 14:08 | Demolisher |
| 14:30 | Serpent Ward |
| 14:42 | Orc Burrow |
| 14:44 | War Stomp |
| 14:50 | Witch Doctor Master Training |
| 15:54 | Beastiary |
| 15:55 | Troll Berserker |
| 16:43 | Troll Berserker |
| 16:45 | Scroll of Town Portal |
| 16:45 | Scroll of Speed |
| 16:49 | Troll Witch Doctor |
| 16:49 | Shaman |
| 17:01 | Troll Batrider |
| 17:24 | Troll Berserker |
| 17:34 | Troll Berserker |
| 17:38 | Beastiary |
| 17:39 | Troll Batrider |
| 18:07 | Ensnare |
| 18:33 | Troll Berserker |
| 22:27 | Scroll of Town Portal |
| 22:27 | Potion of Lesser Invulnerability |
| Right click | 1114 |
| Select | 462 |
| Select group | 141 |
| Build/train/purchase | 122 |
| Use ability | 29 |
| Assign group | 10 |
| Item give/drop | 1 |
| Remove unit | 1 |
โ